 Dungeon Crawl Stone Soup version 0.31.0-11-ge490571c62 (webtiles) character file.

Game seed: 1243162425352038479

5621 mainiacjoe the Nimble (level 10, -6/68 HPs)
             Began as a Deep Elf Reaver on Jan 27, 2024.
             Was an Initiate of Kikubaaqudgha.
             Mangled by a gnoll sergeant
             ... wielding a +0 trident
              (13 damage)
             ... on level 8 of the Dungeon.
             The game lasted 00:36:22 (7901 turns).

mainiacjoe the Nimble (Deep Elf Reaver)             Turns: 7901, Time: 00:36:23

Health: -6/68      AC: 15    Str: 11    XL:     10   Next: 45%
Magic:  18/18      EV: 15    Int: 23    God:    Kikubaaqudgha [......]
Gold:   450        SH:  4    Dex: 13    Spells: 10/17 levels left

rFire   . . .        a - +9 hammer of the Burning Gods {spect, rC+}
rCold   + . .        L - +0 buckler
rNeg    . . .        J - +6 leather armour "Ephet" {+Inv Str+2}
rPois   +            x - +2 helmet
rElec   .            (no cloak)
rCorr   .            j - +2 pair of gloves
SInv    +            (no boots)
Will    +....        e - amulet of magic regeneration
Stlth   +            g - ring of see invisible
HPRegen 0.31/turn    B - ring of poison resistance
MPRegen 0.56/turn

%: no passive effects
@: no status effects
A: no striking features
a: Renounce Religion, Evoke Invisibility


You were on level 8 of the Dungeon.
You worshipped Kikubaaqudgha.
Kikubaaqudgha was noncommittal.
You visited 2 branches of the dungeon, and saw 9 of its levels.

You collected 546 gold pieces.
You spent 96 gold pieces at shops.

Inventory:

Hand Weapons
 a - the +9 hammer of the Burning Gods (weapon) {spect, rC+}
   (You found it on level 2 of the Dungeon)

   rC+:       It protects you from cold.
 c - a +2 short sword of freezing
 p - a +1 dagger of electrocution
 q - a +1 dagger of speed
Missiles
 d - 66 stones
 m - 8 poisoned darts
 F - a throwing net {=F}
 K - 5 atropa-tipped darts {=F}
 M - 3 boomerangs
 N - a curare-tipped dart {=F}
Armour
 b - a +0 leather armour
 j - a +2 pair of gloves (worn)
 r - a +0 helmet
 x - a +2 helmet (worn)
 y - a +2 robe
 z - a +0 leather armour of cold resistance
 E - a +0 troll leather armour
 J - the +6 leather armour "Ephet" (worn) {+Inv Str+2}
   (You found it on level 7 of the Dungeon)

   Str+2:     It affects your strength (+2).
   +Inv:      It lets you turn invisible.
 L - a +0 buckler (worn)
Jewellery
 e - an amulet of magic regeneration (around neck)
 f - an amulet of guardian spirit
 g - a ring of see invisible (left hand)
 B - a ring of poison resistance (right hand)
Wands
 A - a wand of iceblast (7)
 C - a wand of charming (7)
Scrolls
 n - a scroll of enchant armour
 s - 3 scrolls of enchant weapon
 t - a scroll of fog
 G - a scroll of silence
 O - a scroll of teleportation
Potions
 h - 4 potions of brilliance
 i - a potion of lignification
 k - a potion of mutation
 l - 6 potions of might
 o - 2 potions of enlightenment
 u - a potion of attraction
 v - 9 potions of curing
 w - a potion of heal wounds
 D - a potion of ambrosia
 H - a potion of haste {unknown}
 I - a potion of berserk rage {unknown}


   Skills:
 - Level 10.0 Fighting
 - Level 3.0 Short Blades
 - Level 10.0 Dodging
 + Level 2.0 Shields
 - Level 4.0 Spellcasting
 - Level 4.0 Conjurations
 - Level 6.0 Necromancy
 - Level 2.0 Translocations


You had 10 spell levels left.
You knew the following spells:

 Your Spells              Type           Power      Damage    Failure   Level
a - Necrotise             Necr           100%       1d9       1%          1
b - Momentum Strike       Conj/Tloc      36%        3d9       9%          2
c - Vampiric Draining     Necr           32%        2d8       4%          3
k - Kiss of Death         Conj/Necr      100%       2d13      2%          1

Your spell library contained the following spells:

 Spells                   Type           Power      Damage    Failure   Level
 Sublimation of Blood     Necr           32%        N/A       2%          2
 Magic Dart               Conj           92%        1d7       3%          1
 Searing Ray              Conj           46%        2d6       6%          2
 Apportation              Tloc           26%        N/A       9%          1
 Lesser Beckoning         Tloc           26%        N/A       13%         2
 Static Discharge         Conj/Air       26%        3-5/arc   13%         2
 Freeze                   Ice            16%        1d4       21%         1
 Summon Small Mammal      Summ           16%        N/A       21%         1
 Gell's Gravitas          Tloc           13%        N/A       26%         3
 Hailstorm                Conj/Ice       13%        3d6       26%         3
 Teleport Other           Tloc           13%        N/A       26%         3
 Jinxbite                 Hex            8%         N/A       30%         2
 Curse of Agony           Necr           32%        N/A       43%         5
 Martyr's Knell           Necr/Summ      18%        N/A       50%         4
 Call Canine Familiar     Summ           4%         N/A       52%         3
 Frozen Ramparts          Ice            8%         1d2       52%         3
 Brom's Barrelling Bould  Conj/Erth      13%        2d4       65%         4
 Fulminant Prism          Conj/Alch      6%         3d7       65%         4
 Iskenderun's Battlesphe  Conj           23%        2d8       71%         5
 Airstrike                Air            2%         2d(1-17)  89%         4
 Petrify                  Alch/Erth      4%         N/A       89%         4
 Summon Blazeheart Golem  Fire/Summ      4%         N/A       89%         4
 Summon Lightning Spire   Summ/Air       4%         N/A       89%         4
 Fireball                 Conj/Fire      6%         3d5       94%         5
 Irradiate                Conj/Alch      6%         3d13      94%         5
 Alistair's Intoxication  Alch           2%         N/A       99%         5
 Conjure Ball Lightning   Conj/Air       6%         3x3d6     100%        6
 Orb of Destruction       Conj           11%        9d6       100%        7


Dungeon Overview and Level Annotations

Branches:
Dungeon (8/15)             Temple (1/1) D:5
   Lair: D:8-11

Altars:
Ashenzari
Cheibriados
Dithmenos
Elyvilon
Fedhas
Gozag
Kikubaaqudgha
Nemelex Xobeh
Okawaru
Qazlal
Ru
Trog
Uskayaw
Wu Jian
Xom
Yredelemnul
Zin
The Shining One

Shops:
D:2 (   D:5 :?

Annotations:
D:2 1 runed translucent door, Crazy Yiuf
D:6 boulderbeetle!
Temple 4 transporters


Message History

The gnoll sergeant hits you but does no damage.
The steam dragon breathes steam at you. The ball of steam misses you.
The gnoll sergeant hits you but does no damage.
The steam dragon closely misses you.
The steam dragon claws you but does no damage.
You thump the steam dragon!
You kill the steam dragon!
Kikubaaqudgha accepts your kill.
The steam dragon scales are intact enough to wear.
You are engulfed in a cloud of scalding steam.
The gnoll sergeant hits you from afar with a +0 trident.
Training target 10.0 for Fighting reached!
Your Fighting skill increases to level 10!
Your Shields skill increases to level 2!
The gnoll sergeant hits you with a +0 trident.
Things that are here:
+0 steam dragon scales; a steam dragon corpse You closely miss the gnoll sergeant.
The gnoll sergeant is heavily wounded.
The gnoll sergeant closely misses you.
The gnoll sergeant hits you but does no damage.
You closely miss the gnoll sergeant.
The gnoll sergeant is heavily wounded.
The gnoll sergeant completely misses you.
You completely miss the gnoll sergeant.
The gnoll sergeant is heavily wounded.
The gnoll sergeant hits you with a +0 trident.
The gnoll sergeant hits you with a +0 trident!
* * * LOW HITPOINT WARNING * * *
You hit the gnoll sergeant but do no damage.
The gnoll sergeant is heavily wounded.
The gnoll sergeant hits you with a +0 trident!
* * * LOW HITPOINT WARNING * * *
You barely miss the gnoll sergeant.
The gnoll sergeant is heavily wounded.
The gnoll sergeant hits you but does no damage.
The gnoll sergeant hits you with a +0 trident!
You die...
Kikubaaqudgha rasps: "You have failed me!
Welcome... death!"

######## ###################
#......#####
.....g..D..D......####.####......
###..#######.####.........#..####
####.# #..#############.## ...#§#
##..g@...........# ##.#D#
##################### ...#§#
#...............# ####.#
##.#############.. ..##D#
##..#.........# ### .D..g#
###...####.####.##### ..####
###...#.............)). ###
#...###................ #####
#.####.....####.)


You could see a gnoll sergeant.

Vanquished Creatures
  A two-headed ogre (D:6)
  Pikel (D:5)
  A manticore (D:6)
  Prince Ribbit (D:5)
  Grinder (D:4)
  Sigmund (D:4)
  A wyvern (D:8)
  3 steam dragons
  Edmund (D:4)
  A water moccasin (D:7)
  An ice beast (D:8)
  3 orc warriors
  3 sky beasts
  2 black bears
  4 ogres
  4 lemures
  A kobold brigand (D:8)
  2 bullfrogs (D:8)
  4 scorpions
  3 killer bees (D:8)
  5 howler monkeys
  2 bombardier beetles (D:5)
  A hound (D:5)
  8 orc priests
  Jessica (D:2)
  An iguana (D:5)
  A sleepcap (D:4)
  Natasha (thrice) (D:3)
  8 orc wizards
  Robin (D:3)
  9 gnolls
  7 adders
  4 white imps
  A ribbon worm (D:2)
  2 dart slugs
  32 orcs
  7 ball pythons
  3 bats
  5 endoplasms
  2 giant cockroaches
  15 goblins
  8 hobgoblins
  5 jackals
  5 quokkas
  3 frilled lizards
  4 kobolds
  4 rats
186 creatures vanquished.

Vanquished Creatures (collateral kills)
  An orc (D:8)
  A giant cockroach (D:2)
  A frilled lizard (D:3)
  A kobold (D:4)
4 creatures vanquished.

Vanquished Creatures (others)
  A troll (D:6)
  2 gnolls (D:8)
3 creatures vanquished.

Grand Total: 193 creatures vanquished

Notes
Turn   | Place    | Note
-------+----------+-------------------------------------------
     0 | D:1      | mainiacjoe the Deep Elf Reaver began the quest for the Orb.
     0 | D:1      | Reached XP level 1. HP: 12/12 MP: 6/6
   204 | D:1      | Found a faded altar of an unknown god.
   298 | D:1      | Reached XP level 2. HP: 12/16 MP: 8/8
   301 | D:1      | Learned a level 2 spell: Momentum Strike
   443 | D:1      | Learned a level 1 spell: Necrotise
   665 | D:1      | Reached skill level 1 in Necromancy
   959 | D:2      | Reached XP level 3. HP: 20/20 MP: 9/9
  1015 | D:2      | Found Menorolu's Antique Weapon Boutique.
  1020 | D:2      | Reached skill level 1 in Translocations
  1304 | D:2      | Identified the +9 hammer of the Burning Gods {spect, rC+}
  1309 | D:2      | Found a runed translucent door.
  1310 | D:2      | Noticed Crazy Yiuf
  1538 | D:2      | Noticed Jessica
  1540 | D:2      | Killed Jessica
  1545 | D:2      | Learned a level 3 spell: Vampiric Draining
  1662 | D:2      | Reached XP level 4. HP: 25/25 MP: 8/10
  1929 | D:3      | Noticed a scorpion
  1934 | D:3      | Killed a scorpion
  1935 | D:3      | Reached XP level 5. HP: 21/29 MP: 9/11
  1991 | D:3      | Noticed Natasha
  1996 | D:3      | Killed Natasha
  1997 | D:3      | Reached skill level 5 in Necromancy
  2060 | D:3      | Noticed Natasha
  2066 | D:3      | Killed Natasha
  2161 | D:3      | Found a hide-covered altar of Uskayaw.
  2166 | D:3      | Noticed Natasha
  2185 | D:3      | Killed Natasha
  2291 | D:3      | Noticed Robin
  2406 | D:3      | Killed Robin
  2415 | D:3      | Reached XP level 6. HP: 34/34 MP: 9/12
  2627 | D:3      | Found a glowing golden altar of the Shining One.
  2629 | D:3      | Noticed an angel
  2634 | D:3      | Found a basalt altar of Yredelemnul.
  2636 | D:3      | Noticed a profane servitor
  3102 | D:4      | Noticed Sigmund
  3388 | D:4      | Killed Sigmund
  3389 | D:4      | Reached XP level 7. HP: 29/41 MP: 11/15
  3678 | D:4      | Noticed Grinder
  3712 | D:4      | Paralysed by Grinder for 4 turns
  3718 | D:5      | Entered Level 5 of the Dungeon
  3756 | D:5      | Noticed Edmund
  3757 | D:5      | Found a staircase to the Ecumenical Temple.
  3774 | Temple   | Found a transporter.
  3774 | Temple   | Found a transporter.
  3774 | Temple   | Found a transporter.
  3774 | Temple   | Found a transporter.
  3774 | Temple   | Entered the Ecumenical Temple
  3875 | D:4      | Killed Grinder
  4150 | D:4      | Reached skill level 5 in Dodging
  4398 | D:4      | Reached XP level 8. HP: 37/48 MP: 16/16
  4537 | D:4      | Killed Edmund
  4538 | D:4      | Reached skill level 5 in Fighting
  4728 | D:5      | Noticed Prince Ribbit
  4754 | D:5      | Noticed Pikel
  4923 | D:5      | Killed Pikel
  5122 | D:5      | Found Betenots's Book Shop.
  5302 | D:5      | Killed Prince Ribbit
  5303 | D:5      | Reached XP level 9. HP: 37/56 MP: 13/17
  5374 | D:5      | Found Cozuofy's Magic Scroll Boutique.
  5417 | D:5      | Bought a scroll of identify for 24 gold pieces
  5417 | D:5      | Bought a scroll of identify for 24 gold pieces
  5417 | D:5      | Bought a scroll of identify for 24 gold pieces
  5417 | D:5      | Bought a scroll of identify for 24 gold pieces
  5684 | D:6      | Found an iron altar of Okawaru.
  5757 | D:6      | Found a sparkling altar of Nemelex Xobeh.
  5951 | D:6      | Noticed a two-headed ogre
  5992 | D:6      | Noticed a troll
  6056 | D:6      | Killed a two-headed ogre
  6074 | D:6      | Noticed a manticore
  6090 | D:6      | Killed a manticore
  6110 | D:6      | Noticed a boulder beetle
  6395 | D:7      | Reached XP level 10. HP: 59/66 MP: 18/18
  6802 | D:7      | Found a white marble altar of Elyvilon.
  6926 | D:7      | Found a shimmering altar of Xom.
  6979 | D:7      | Identified the +6 leather armour "Ephet" {+Inv Str+2}
  7432 | D:8      | Found an ancient bone altar of Kikubaaqudgha.
  7495 | D:8      | Became a worshipper of Kikubaaqudgha
  7644 | D:8      | Reached skill level 1 in Shields
  7653 | D:8      | Reached skill level 10 in Dodging
  7829 | D:8      | Found a stormy altar of Qazlal.
  7896 | D:8      | Reached skill level 10 in Fighting
  7901 | D:8      | Mangled by a gnoll sergeant

Illustrated notes

Levels and vault maps discovered:
D:1:      minmay_arrival_widening_spiral_wide, layout_basic,
          ebering_ecumenical_altar_sacrificial, minmay_close_crescents
D:2:      layout_loops_corners, serial_shops, shop, kennysheep_minor_cross,
          uniq_jessica, uniq_crazy_yiuf_cottage
D:3:      minmay_evil_eye, layout_loops_ring, mainiacjoe_overflow_paths,
          grunt_temple_overflow_holy_war, uniq_natasha, uniq_robin
D:4:      layout_loops_corners, minmay_pentangle, uniq_sigmund, uniq_grinder
D:5:      layout_basic, minmay_temple_entry_waves, serial_shops, shop,
          kennysheep_small_square, uniq_pikel, uniq_prince_ribbit1, uniq_edmund
D:6:      layout_rooms, nemelex_xobeh_ov_fountains_minmay,
          mainiacjoe_overflow_concentric_impassable,
          mainiacjoe_overflow_24_doors, kb_rosetta
D:7:      layout_basic, mainiacjoe_overflow_boulevard,
          mainiacjoe_overflow_surrounded_room
D:8:      cheibrodos_barr_body, layout_basic, overflow_temple_1_default,
          nicolae_qazlal_scattered_showers, serial_co_window_serial,
          co_window_of_opportunity_a, co_window_of_opportunity_a,
          co_window_paths_a, co_window_paths_b, co_window_corner_a,
          co_window_paths_a, co_window_paths_a, co_window_cross_4,
          co_window_of_opportunity_b, co_window_broadway_a, co_window_4corner_a,
          co_window_paths_e, glass_columns_a, glass_columns_a, glass_columns_c,
          glass_columns_a
Temple:   hellmonk_temple_divided_pantheon

Skill      XL: |  1  2  3  4  5  6  7  8  9 10 |
---------------+-------------------------------+-----
Conjurations   | 4 |  4.0
Necromancy     | 1 3 4 6 |  6.0
Translocations | 1 2 |  2.0
Spellcasting   | 4 |  4.0
Fighting       | 3 4 6 9 10 | 10.0
Dodging        | 3 5 7 9 10 | 10.0
Shields        | 2 |  2.0
Short Blades   | |  3.0

Action                     |  1- 3 |  4- 6 |  7- 9 | 10-12 || total
---------------------------+-------+-------+-------+-------++-------
  Melee: Short sword       |    74 |       |       |       ||    74
         Mace              |     5 |    46 |   123 |   105 ||   279
         Punch             |       |       |     1 |     2 ||     3
  Throw: Dart              |       |     3 |     9 |       ||    12
   Cast: Necrotise         |    30 |    61 |    63 |    18 ||   172
         Momentum Strike   |     5 |     6 |     9 |     3 ||    23
         Vampiric Draining |       |       |     5 |       ||     5
         Kiss of Death     |       |       |     1 |       ||     1
  Evoke: Wand              |       |       |     7 |       ||     7
    Use: Scroll            |     5 |     5 |    11 |     3 ||    24
         Potion            |       |       |     1 |       ||     1
 Armour: Leather armour    |    35 |    39 |    30 |    65 ||   169
         Robe              |       |       |    73 |       ||    73
         Troll leather arm |       |       |    19 |    17 ||    36
  Dodge: Dodged            |    42 |    34 |   133 |   116 ||   325
  Block: Buckler           |       |       |       |     8 ||     8
